 Dungeon Crawl Stone Soup version 0.22-a0-136-g83a10e5 (webtiles) character file.

77 KarmaPolice the Sneak (level 4, 0/34 HPs)
             Began as a Vampire Assassin on Feb 3, 2018.
             Slain by p0werm0de's ghost (8 damage)
             ... on level 3 of the Dungeon.
             The game lasted 00:03:48 (1769 turns).

KarmaPolice the Sneak (Vampire Assassin)            Turns: 1769, Time: 00:03:48

Health: 0/34       AC:  5    Str: 10    XL:     4   Next: 13%
Magic:  4/4        EV: 12    Int: 13    God:
Gold:   116        SH:  0    Dex: 16    Spells: 3/3 levels left

rFire    . . .     SeeInvis +   a - +2 dagger
rCold    + . .     Gourm    .   (no shield)
rNeg     + + .     Faith    .   c - +0 robe
rPois    +         Spirit   .   j - +1 helmet
rElec    .         Reflect  .   d - +0 cloak
rCorr    .         Harm     .   (no gloves)
MR       .....                  (no boots)
Stlth    ++++......             (no amulet)
HPRegen  0.05/turn              (no ring)
MPRegen  0.09/turn              (no ring)

@: regenerating slowly
A: fangs 3, see invisible, unbreathing
a: Bat Form


You were on level 3 of the Dungeon.
You were near bloodless.

You visited 1 branch of the dungeon, and saw 3 of its levels.

You collected 116 gold pieces.

Inventory:

Hand Weapons
 a - a +2 dagger (weapon)
 b - a +0 blowgun
Missiles
 e - 8 poisoned needles
 f - 2 curare-tipped needles
Armour
 c - a +0 robe (worn)
 d - a +0 cloak (worn)
 j - a +1 helmet (worn)
Jewellery
 n - an uncursed ring of flight {unknown}
 o - an uncursed ring of flight {unknown}
Scrolls
 h - 2 scrolls of identify {unknown}
 p - a scroll of remove curse {unknown}
Potions
 g - 12 potions of blood
 i - a potion of mutation {unknown}
 k - a potion of berserk rage {unknown}
 l - a potion of haste {unknown}
 m - a potion of heal wounds {unknown}


   Skills:
 + Level 2.9 Fighting
 + Level 3.6 Short Blades
 - Level 2.0 Throwing
 - Level 1.1 Dodging
 - Level 5.8 Stealth


You had 3 spell levels left.
You didn't know any spells.

Dungeon Overview and Level Annotations

Branches:
Dungeon (3/15)

Altars:
Elyvilon
Qazlal

Annotations:
D:3 p0werm0de's ghost, weakling DsCK


Innate Abilities, Weirdness & Mutations

You heal slowly.
You have razor-sharp teeth.
You have supernaturally acute eyesight. (SInv)
You can survive without breathing.


Message History

P0werm0de's ghost hits you!
You hit p0werm0de's ghost but do no damage.
P0werm0de's ghost is lightly damaged.
You hit p0werm0de's ghost but do no damage.
P0werm0de's ghost is lightly damaged.
P0werm0de's ghost barely misses you.
You hit p0werm0de's ghost.
P0werm0de's ghost is lightly damaged.
P0werm0de's ghost hits you.
You hit p0werm0de's ghost.
P0werm0de's ghost is moderately damaged.
P0werm0de's ghost hits you.
You hit p0werm0de's ghost but do no damage.
P0werm0de's ghost is moderately damaged.
P0werm0de's ghost hits you.
* * * LOW HITPOINT WARNING * * *
You hit p0werm0de's ghost but do no damage.
P0werm0de's ghost is moderately damaged.
P0werm0de's ghost hits you!
You die...

#.. #.# #.##
#..#
#######..##
#......?.$#
#.#####...#
#.#####.!.###.
#@##..........#
#.W..<........#
####....(....##
####...####
#...# #...#
##.... #####


You could see p0werm0de's ghost.

Vanquished Creatures
  2 adders (D:2)
  2 oozes (D:2)
  A worm (D:2)
  7 bats
  3 giant cockroaches
  2 goblins
  4 hobgoblins
  8 jackals (D:2)
  2 ball pythons (D:1)
  7 frilled lizards
  4 kobolds
  5 rats
47 creatures vanquished.

Notes
Turn   | Place    | Note
-------+----------+-------------------------------------------
     0 | D:1      | KarmaPolice the Vampire Assassin began the quest for the Orb.
     0 | D:1      | Reached XP level 1. HP: 16/16 MP: 1/1
   151 | D:1      | Reached XP level 2. HP: 17/22 MP: 2/2
   751 | D:2      | Reached XP level 3. HP: 16/28 MP: 3/3
  1130 | D:2      | Found a white marble altar of Elyvilon.
  1258 | D:2      | Found a stormy altar of Qazlal.
  1259 | D:2      | Noticed an earth elemental
  1263 | D:2      | Noticed a water elemental
  1263 | D:2      | Noticed a fire elemental
  1263 | D:2      | Noticed an air elemental
  1736 | D:2      | Reached XP level 4. HP: 33/34 MP: 4/4
  1752 | D:3      | Noticed p0werm0de's ghost (weakling DsCK)
  1769 | D:3      | Slain by p0werm0de's ghost

Vault maps used:
D:1:      dpeg_arrival_orchard, minmay_tree_intersection,
          palyth_stone_intersect, serial_bayou_pond_a, kennysheep_nondescript
D:2:      lemuel_coloured_pillars_altar, grunt_decor_mini_mirrors,
          nicolae_qazlal_style_of_elements
D:3:      lemuel_round_altar, minmay_strange_pillars,
          hangedman_abyss_or_decor_lesser_grid, uniq_terence

Skill      XL: |  1  2 |
---------------+-------+-----
Fighting       | 2 |  2.9
Throwing       | 2 |  2.0
Short Blades   | 3 |  3.6
Dodging        | |  1.1
Stealth        | |  5.8

Action                   |  1- 3 |  4- 6 || total
-------------------------+-------+-------++-------
Melee: Dagger            |   156 |    16 ||   172
       Bite              |     9 |     1 ||    10
 Stab: Sleeping          |    16 |       ||    16
       Distracted        |       |     1 ||     1
Armor: Robe              |    48 |     1 ||    49
Dodge: Dodged            |    99 |     6 ||   105

Table legend:
 A = Spawn XP
 B = Non-spawn XP
 C = Spawn XP percentage of total XP
 D = Spawn monster count
 E = Non-spawn monster count
 F = Spawn count percentage of total count
 G = Total turns spent on level
                    A         B        C        D         E        F      G
               +---------+---------+-------+---------+---------+-------+---------
         Total |       0 |     110 |   0.0 |       0 |      47 |   0.0 |  1769
               +---------+---------+-------+---------+---------+-------+---------
           D:1 |       0 |      27 |   0.0 |       0 |      19 |   0.0 |   598
           D:2 |       0 |      83 |   0.0 |       0 |      28 |   0.0 |  1144
               +---------+---------+-------+---------+---------+-------+---------
